Description

Rush Super Gary lv. 5 There will be some seconds after Gary spawn to get to super Gary without masteries, but it's almost no time.

VOD

https://youtu.be/tvp4ZFPXBW4

Build Order

Get SALT Encoding   

  12  0:04  Drone  
  13  0:10  Drone  
  14  0:14  Extractor x2 2x Drones each and blue zone  
  12  0:20  Drone  
  13  0:27  Drone  
  14  0:50  Spawning Pool Right as the Extrators are done  
  13  1:04  Drone  
  14  1:25  Lair  
  14  1:32  Overlord  
  14  2:00  Drone x2  
  16  2:25  Infestation Pit Third Drone on both extrators  
  15  2:31  Drone x3  
  18  2:37  Zergling x2 Clear rocks, Drone if not necessary  
  20  3:06  Hive  
  20  3:30  Drone x2  
  22  4:11  Super Gary GLHF  
Spawning Tool Build Advisor. Get it on Overwolf

Go to:

Details

  • Created by: Zeus2319
  • Published on: Jul 10, 2022
  • Modified on: Aug 01, 2022
  • Patch: 4.11.0
  • Difficulty: Medium
Show
View Real Time Build Order
Export as new Build Order

Comments (0)

There are no comments. Be the first!

Create an account to comment!